 Dungeon Crawl Stone Soup version 0.27-a0-1302-g7736ffe575 (webtiles) character file.

Game seed: 6011945089126819622

113 Feb132020 the Sneak (level 4, 21/21 HPs)
             Began as a Spriggan Venom Mage on June 18, 2021.
             Was a Believer of Jiyva.
             Quit the game on level 4 of the Dungeon.
             The game lasted 00:09:58 (3800 turns).

Feb132020 the Sneak (Spriggan Venom Mage)           Turns: 3800, Time: 00:09:59

Health: 21/21      AC:  2    Str:  5    XL:     4   Next: 65%
Magic:  10/10      EV: 17    Int: 17    God:    Jiyva [**....]
Gold:   97         SH:  0    Dex: 14    Spells: 4/10 levels left

rFire    . . .     SeeInvis +   c - +3 dagger
rCold    . . .     Faith    .   (shield restricted)
rNeg     . . .     Spirit   .   a - +0 robe
rPois    .         Reflect  .   (helmet restricted)
rElec    .         Harm     .   (no cloak)
rCorr    .         Rampage  .   (gloves unavailable)
Will     .....                  (boots unavailable)
Stlth    +++.......             (no amulet)
HPRegen  0.07/turn              (no ring)
MPRegen  0.12/turn              (no ring)

@: very quick
A: very small, no large weapons, unfitting armour, see invisible, speed 3
a: Renounce Religion, Request Jelly


You were on level 4 of the Dungeon.
You worshipped Jiyva.
Jiyva was pleased with you.
You visited 1 branch of the dungeon, and saw 4 of its levels.

You collected 111 gold pieces.
You spent 14 gold pieces at shops.

Inventory:

Hand Weapons
 c - a +3 dagger (weapon)
Armour
 a - a +0 robe (worn)
 f - a +0 buckler
Jewellery
 g - a ring of fire
Scrolls
 e - a scroll of fear
 h - a scroll of blinking {unknown}
Potions
 b - a potion of might
 d - 2 potions of attraction {unknown}


   Skills:
 + Level 0.2 Short Blades
 + Level 2.9 Dodging
 + Level 4.1 Stealth
 * Level 3.9 Spellcasting
 * Level 0.3 Conjurations
 + Level 1.9 Transmutations
 + Level 4.1 Poison Magic


You had 4 spell levels left.
You knew the following spells:

 Your Spells              Type           Power      Damage    Failure   Level
a - Sting                 Tmut/Pois      52%        1d5       4%          1
b - Poisonous Vapours     Pois/Air       20%        N/A       11%         2
c - Mephitic Cloud        Conj/Pois/Air  8%         N/A       26%         3

Your spell library contained the following spells:

 Spells                   Type           Power      Damage    Failure   Level
 Ignite Poison            Fire/Tmut/Pois 10%        N/A       21%         3
 Olgreb's Toxic Radiance  Pois           17%        N/A       28%         4


Dungeon Overview and Level Annotations

Branches:
Dungeon (4/15)
 Temple: D:4-7

Altars:
Qazlal
Xom
Jiyva

Shops:
D:2 !

Annotations:
D:4 Menkaure


Innate Abilities, Weirdness & Mutations

You are very small and have problems with some larger weapons.
You are too small for most types of armour.
You have supernaturally acute eyesight. (SInv)
You cover ground extremely quickly. (Speed+++)


Message History

Unknown command.
The lemure hits you but does no damage. The lemure hits you!
You hear a distant slurping noise.
You hear a distant slurping noise.
You hear a distant slurping noise.
You hear a squelching noise.
You hear a distant slurping noise.
You hear a distant slurping noise.
Jiyva appreciates your sacrifice.
You hear a squelching noise.
You hear a distant slurping noise.
You hear a distant slurping noise.
Jiyva appreciates your sacrifice.
You hear a distant slurping noise.
A lemure is nearby!
You hear a distant slurping noise.
You hear a squelching noise.
You hear a distant slurping noise.
You hear a distant slurping noise.
You hear a distant slurping noise.
You hear a distant slurping noise.
You hear a distant slurping noise.
Jiyva appreciates your sacrifice.
You hear a distant slurping noise.
You hear a distant slurping noise.
Jiyva appreciates your sacrifice.
You hear a distant slurping noise.
You swap places.
You hear a distant slurping noise.
You hear a distant slurping noise.
You hear a squelching noise.
You hear a distant slurping noise.
You hear a distant slurping noise.
d - 2 dark potions (gained 1)
g - a ring of fire
h - a scroll labelled GEUTZU WUW UCKUSO Saving game... please wait.
Level annotation: Menkaure Welcome back, Feb132020 the Spriggan Venom Mage.
Slime for the Slime God!
Press ? for a list of commands and other information.
Are you sure you want to abandon this character and quit the game? (Confirm with "yes".)

#.# .. . #.#.#
.#. #.#.# .#.
## ######.#.#
.. .#
#......#.# ##.#
.# #.######.#
#.. .# #.# #.#
#.# .# #.# #.#
#.# #
.########.#
#@#####.##.#
.J........#
#..........#
.....######
#######.####
####.# #.# #.#
#.# #.# #.# #.#
#.# #.# #.# #.#
#############.#


There were no monsters in sight!

Vanquished Creatures
  An iguana (D:3)
  4 adders
  A worm (D:2)
  2 dart slugs
  3 ball pythons
  2 bats
  3 endoplasms
  A giant cockroach (D:1)
  3 goblins
  2 hobgoblins
  4 jackals
  2 quokkas
  3 frilled lizards
  10 kobolds
  4 rats
45 creatures vanquished.

Vanquished Creatures (others)
  An ogre (D:4)
  4 jellies (D:4)
  2 adders
  An adder skeleton (D:4)
  2 bats (D:3)
  A goblin (D:3)
  A hobgoblin (D:3)
  A frilled lizard (D:3)
  A kobold (D:3)
14 creatures vanquished.

Grand Total: 59 creatures vanquished

Notes
Turn   | Place    | Note
-------+----------+-------------------------------------------
     0 | D:1      | Feb132020 the Spriggan Venom Mage began the quest for the
                  | Orb.
     0 | D:1      | Reached XP level 1. HP: 9/9 MP: 5/5
   368 | D:1      | Reached XP level 2. HP: 13/13 MP: 7/7
   371 | D:1      | Learned a level 2 spell: Poisonous Vapours
  1066 | D:2      | Found Atebeef's Distillery.
  1325 | D:2      | Bought a potion of degeneration for 14 gold pieces
  1609 | D:2      | Reached XP level 3. HP: 16/16 MP: 2/8
  1613 | D:2      | Learned a level 3 spell: Mephitic Cloud
  2114 | D:3      | Found a stormy altar of Qazlal.
  2156 | D:3      | Found a faded altar of an unknown god.
  2164 | D:3      | Became a worshipper of Jiyva Jiqulo the Shapeless
  2164 | D:3      | Reached * piety under Jiyva
  2222 | D:3      | Reached XP level 4. HP: 11/21 MP: 5/10
  2534 | D:3      | Found a shimmering altar of Xom.
  3298 | D:4      | Killed an ogre
  3532 | D:4      | Noticed a lemure
  3532 | D:4      | Noticed a lemure
  3633 | D:4      | Noticed Menkaure
  3703 | D:4      | Reached ** piety under Jiyva
  3800 | D:4      | Quit the game

Illustrated notes

Levels and vault maps discovered:
D:1:      dpeg_arrival_rooms_b, layout_basic, chequers_mini_garden
D:2:      layout_loops_ring, serial_shops, nicolae_square_shop
D:3:      layout_basic, nicolae_qazlal_general_emergency, old_standard_altar,
          hellmonk_ecumenical_altar_zigzags, moated_statue, grunt_ministairs_1,
          hangedman_decor_clover_reticule
D:4:      layout_loops_ring, uniq_menkaure, uniq_pikel

Skill      XL: |  1  2  3 |
---------------+----------+-----
Spellcasting   | 3 |  3.9
Poison Magic   | 4 |  4.1
Stealth        | 4 |  4.1
Short Blades   | |  0.2
Dodging        | |  2.9
Conjurations   | |  0.3
Transmutations | |  1.9

Action                   |  1- 3 |  4- 6 || total
-------------------------+-------+-------++-------
Melee: Dagger            |    65 |    49 ||   114
 Cast: Sting             |    29 |     4 ||    33
  Use: Scroll            |     4 |     1 ||     5
 Stab: Sleeping          |     4 |     2 ||     6
Armor: Robe              |    10 |     7 ||    17
Dodge: Dodged            |    40 |    46 ||    86

Table legend: (Time is in decaauts)
 A = Elapsed time spent in this place.
 B = Non-inter-level travel time spent in this place.
 C = Inter-level travel time spent in this place.
 D = Time resting spent in this place.
 E = Time spent auto-exploring this place.
 F = Levels seen in this place.
 G = Mean time per level.
                   A        B        C        D        E       F      G
               +--------+--------+--------+--------+--------+-----+--------+
         Total |   2891 |   2846 |     45 |     15 |   2425 |   4 |  722.8 |
       Dungeon |   2891 |   2846 |     45 |     15 |   2425 |   4 |  722.8 |
               +--------+--------+--------+--------+--------+-----+--------+

Top non-repeatable levels by time:
     D:2: 840 daAuts
     D:1: 824 daAuts
     D:3: 782 daAuts
     D:4: 444 daAuts
